 Dungeon Crawl Stone Soup version 0.29-a0-529-gfa20dd96a1 (webtiles) character file.

Game seed: 7944286170983991594

20 MechDurjaeses the Changer (level 2, -1/26 HPs)
             Began as a Gnoll Wanderer on June 2, 2022.
             Slain by a gnoll
             ... wielding a +2 vampiric spear
              (5 damage)
             ... on level 1 of the Dungeon.
             The game lasted 00:02:26 (484 turns).

MechDurjaeses the Changer (Gnoll Wanderer)           Turns: 484, Time: 00:02:27

Health: -1/26      AC:  3    Str:  9    XL:     2   Next: 79%
Magic:  5/5        EV: 13    Int: 12    God:
Gold:   8          SH:  0    Dex: 12    Spells: 6/6 levels left

rFire   . . .      SeeInvis .   a - +0 hand axe
rCold   . . .      Faith    .   (no shield)
rNeg    . . .      Spirit   .   d - +0 robe
rPois   .          Reflect  .   (no helmet)
rElec   .          Harm     .   b - +0 cloak
rCorr   .          Rampage  .   (no gloves)
Will    .....                   (no boots)
Stlth   +.........              (no amulet)
HPRegen 0.08/turn               (no ring)
MPRegen 0.09/turn               (no ring)

@: brilliant, about to teleport
A: fangs 1, strong nose, distributed training
a: no special abilities


You were on level 1 of the Dungeon.
You visited 1 branch of the dungeon, and saw 1 of its levels.

You collected 8 gold pieces.

Inventory:

Hand Weapons
 a - a +0 hand axe (weapon)
 e - a +2 short sword of draining
Armour
 b - a +0 cloak (worn)
 d - a +0 robe (worn)
Scrolls
 h - a scroll of torment {unknown}
Potions
 c - a potion of attraction


   Skills:
 + Level 4.5 Fighting
 + Level 0.5 Short Blades
 + Level 0.5 Long Blades
 + Level 4.5 Axes
 + Level 0.5 Maces & Flails
 + Level 0.5 Polearms
 + Level 0.5 Staves
 + Level 0.5 Slings
 + Level 0.5 Bows
 + Level 0.5 Crossbows
 + Level 0.5 Throwing
 + Level 0.5 Armour
 + Level 4.5 Dodging
 + Level 0.5 Stealth
 + Level 0.5 Shields
 + Level 0.5 Unarmed Combat
 + Level 2.7 Spellcasting
 + Level 0.3 Conjurations
 + Level 0.3 Hexes
 + Level 0.3 Summonings
 + Level 0.3 Necromancy
 + Level 0.3 Translocations
 + Level 5.3 Transmutations
 + Level 0.3 Fire Magic
 + Level 0.3 Ice Magic
 + Level 0.3 Air Magic
 + Level 0.3 Earth Magic
 + Level 0.3 Poison Magic
 + Level 0.6 Invocations
 + Level 0.5 Evocations


You had 6 spell levels left.
You didn't know any spells.
Your spell library contained the following spells:

 Spells                   Type           Power      Damage    Failure   Level
 Beastly Appendage        Tmut           42%        N/A       2%          1
 Sting                    Tmut/Pois      48%        1d5       8%          1
 Passwall                 Tmut/Erth      10%        N/A       12%         2


Dungeon Overview and Level Annotations

Branches:
Dungeon (1/15)

Altars:


Innate Abilities, Weirdness & Mutations

You have very sharp teeth.
Your uncanny sense of smell can sniff out nearby items.
Your experience applies equally to all skills.


Message History

You see here a hobgoblin corpse.
You see here a +0 spear.
Found a scroll labelled NUCHUW ROH.
g - a scroll labelled JIOGIA ASIGEUSS
h - a scroll labelled NUCHUW ROH
Found a dagger.
A dart slug and a goblin come into view.
The goblin shouts!
The dart slug launches a dart at you. The slug dart misses you.
A gnoll comes into view. It is wielding a +2 vampiric spear.
The gnoll shouts!
You hit the goblin.
You kill the goblin!
A kobold comes into view. It is wielding a +0 dagger.
Found a scroll labelled JIOGIA ASIGEUSS.
You see here a +0 club.
The dart slug launches a dart at you. The slug dart hits you.
The gnoll hits you with a +2 vampiric spear!
The dart slug launches a dart at you. The slug dart misses you.
You see here a +0 club.
The gnoll hits you from afar with a +2 vampiric spear!
* * * LOW HITPOINT WARNING * * *
The dart slug launches a dart at you. The slug dart hits you.
* * * LOW HITPOINT WARNING * * *
It was a potion of brilliance.
You feel clever all of a sudden. The gnoll barely misses you.
The gnoll barely misses you.
You are too injured to fight recklessly!
As you read the scroll labelled JIOGIA ASIGEUSS, it crumbles to dust.
You feel strangely unstable.
It was a scroll of teleportation.
The gnoll hits you with a +2 vampiric spear.
* * * LOW HITPOINT WARNING * * *
The gnoll attacks as you move away!
The gnoll hits you with a +2 vampiric spear.
You die...

#.... #.... . #....
..∆ #.... ... #....
..?. #.... .....
#####
......##############
......wg@..........#
......K###########.#
....... #.# .......
#.# ######. #.# ..
#.# ## #.# #.# #.#


You could see a gnoll, a dart slug and a kobold.

Vanquished Creatures
  A ball python (D:1)
  A bat (D:1)
  An endoplasm (D:1)
  2 giant cockroaches (D:1)
  A hobgoblin (D:1)
  5 jackals (D:1)
  A quokka (D:1)
  A frilled lizard (D:1)
  2 goblins (D:1)
  A kobold (D:1)
16 creatures vanquished.

Notes
Turn   | Place    | Note
-------+----------+-------------------------------------------
     0 | D:1      | MechDurjaeses the Gnoll Wanderer began the quest for the
                  | Orb.
     0 | D:1      | MechDurjaeses set off with the following items: a +0 hand
                  | axe, a +0 cloak, a potion of attraction, a +0 robe; and the
                  | following spells available to memorise: Beastly Appendage,
                  | Sting, Passwall
     0 | D:1      | Reached XP level 1. HP: 20/20 MP: 4/4
    44 | D:1      | Reached XP level 2. HP: 24/26 MP: 5/5
   484 | D:1      | Slain by a gnoll

Illustrated notes

Levels and vault maps discovered:
D:1:      minmay_arrival_cross, layout_basic, minmay_indecisive_spiral

Action                   || total
-------------------------++-------
Melee: Hand axe          ||    45
       Bite              ||     2
  Use: Scroll            ||     2
       Potion            ||     1
Armor: Robe              ||     8
Dodge: Dodged            ||    42

Table legend: (Time is in decaauts)
 A = Elapsed time spent in this place.
 B = Non-inter-level travel time spent in this place.
 C = Inter-level travel time spent in this place.
 D = Time resting spent in this place.
 E = Time spent auto-exploring this place.
 F = Levels seen in this place.
 G = Mean time per level.
                   A        B        C        D        E       F      G
               +--------+--------+--------+--------+--------+-----+--------+
         Total |    487 |    466 |     21 |    210 |    144 |   1 |  487.0 |
       Dungeon |    487 |    466 |     21 |    210 |    144 |   1 |  487.0 |
               +--------+--------+--------+--------+--------+-----+--------+

Top non-repeatable levels by time:
     D:1: 487 daAuts
